 Dungeon Crawl Stone Soup version 0.23-a0-49-gd9f7a49 (webtiles) character file.

32 Mgcat the Insei (level 3, 0/25 HPs)
             Began as a Vampire Transmuter on Aug 7, 2018.
             Slain by an adder (2 damage)
             ... on level 2 of the Dungeon.
             The game lasted 00:03:44 (1077 turns).

Mgcat the Insei (Vampire Transmuter)                Turns: 1077, Time: 00:03:45

Health: 0/25       AC:  3    Str:  9    XL:     3   Next: 8%
Magic:  6/6        EV: 13    Int: 16    God:
Gold:   92         SH:  0    Dex: 17    Spells: 0/6 levels left

rFire    . . .     SeeInvis +     - Unarmed
rCold    + . .     Gourm    .   (no shield)
rNeg     + + .     Faith    .   b - +0 robe
rPois    +         Spirit   .   (no helmet)
rElec    .         Reflect  .   e - +0 cloak
rCorr    .         Harm     .   (no gloves)
MR       .....                  (no boots)
Stlth    +++.......             (no amulet)
HPRegen  0.04/turn              g - +3 ring of dexterity
MPRegen  0.10/turn              (no ring)

@: regenerating slowly
A: fangs 3, see invisible, unbreathing
a: Bat Form


You were on level 2 of the Dungeon.
You were thirsty.

You visited 1 branch of the dungeon, and saw 2 of its levels.

You collected 92 gold pieces.

Inventory:

Missiles
 a - 29 arrows
 f - a throwing net {=f, !d}
Armour
 b - a +0 robe (worn)
 e - a +0 cloak (worn)
   (You found it on level 1 of the Dungeon)
Jewellery
 g - a +3 ring of dexterity (left hand)
   (You found it on level 2 of the Dungeon)
Wands
 c - a wand of random effects (32)
   (You found it on level 2 of the Dungeon)
Potions
 d - 16 potions of blood {@q1}


   Skills:
 - Level 0.8 Fighting
 - Level 2.1 Dodging
 + Level 4.0 Unarmed Combat
 - Level 2.0 Spellcasting
 + Level 3.2 Transmutations


You couldn't memorise any spells.
You knew the following spells:

 Your Spells              Type           Power        Failure   Level  Hunger
a - Beastly Appendage     Tmut           ##....       5%          1    #......
b - Sticks to Snakes      Tmut           ##......     9%          2    ###....
c - Spider Form           Tmut/Pois      #.........   32%         3    ###....

Your spell library contained the following spells:

 Spells                   Type           Power        Failure   Level  Hunger
 Blade Hands              Tmut           ##........   83%         5    ######.
 Ice Form                 Ice/Tmut       #.......     71%         4    #####..


Dungeon Overview and Level Annotations

Branches:
Dungeon (2/15)

Altars:


Innate Abilities, Weirdness & Mutations

You heal slowly.
You have razor-sharp teeth.
You have supernaturally acute eyesight. (SInv)
You can survive without breathing.


Message History

Your talons disappear.
Key pressed, stopping explore.
You bottle the corpse's blood.
You can't pick that up.
Things that are here:
a potion of blood; a jackal skeleton
d - 15 potions of blood {@q1} (gained 1)
You see here a jackal skeleton.
c - a wand of random effects (32)
You bottle the corpse's blood.
d - 16 potions of blood {@q1} (gained 1)
f - a throwing net {=f, !d}
There is a stone staircase leading up here.
Key pressed, stopping explore.
a - 30 arrows (gained 18)
You now have 82 gold pieces (gained 13).
Key pressed, stopping explore.
You are feeling thirsty.
You now have 92 gold pieces (gained 10).
g - a wooden ring Put on which piece of jewellery? (? for menu, Esc to quit)
You feel agile.
g - a +3 ring of dexterity (left hand)
You see here 26 bolts.
A dart slug comes into view.
The helpless dart slug fails to defend itself.
You hit the dart slug.
The dart slug is heavily wounded.
You hit the dart slug. You bite the dart slug.
The dart slug is almost dead.
The dart slug barely misses you.
You hit the dart slug.
You kill the dart slug!
No target in view!
No target in view!
Key pressed, stopping explore.
The gnoll is too close now for your liking.
Casting: Beastly Appendage (safe; 5% risk of failure)
Confirm with . or Enter, or press ? or * to list all spells.
Your current blood level is not sufficient.
Unknown command.
Unknown command.
Memorise Spider Form, consuming 3 spell levels and leaving 0?
You start memorising the spell.
You continue memorising. x2
The gnoll shouts!
You hear a shout!
You continue memorising.
You finish memorising.
Spell assigned to 'c'.
Casting: Beastly Appendage (safe; 5% risk of failure)
Confirm with . or Enter, or press ? or * to list all spells.
Your current blood level is not sufficient.
Unknown command.
Unknown command.
Casting: Spider Form (safe; 32% risk of failure)
Confirm with . or Enter, or press ? or * to list all spells.
Your current blood level is not sufficient.
Unknown command.
Unknown command.
There's nothing here to drain!
Casting: Spider Form (safe; 32% risk of failure)
Confirm with . or Enter, or press ? or * to list all spells.
Your current blood level is not sufficient.
Casting: Beastly Appendage (safe; 5% risk of failure)
Confirm with . or Enter, or press ? or * to list all spells.
You create a snake!
You now have 29 arrows.
The gnoll throws a tomahawk.
The tomahawk hits your ball python.
Your ball python dies!
Casting: Sticks to Snakes (safe; 9% risk of failure)
Confirm with . or Enter, or press ? or * to list all spells.
Your current blood level is not sufficient.
The gnoll hits you from afar with a spear.
The gnoll shouts!
You see here a tomahawk.
You hit the gnoll but do no damage. The gnoll barely misses you.
The gnoll hits you with a flail. The gnoll hits you with a flail!
You barely miss the gnoll. You completely miss the gnoll.
You bite the gnoll, but do no damage. You barely miss the gnoll.
The gnoll closely misses you.
You punch the gnoll!
The gnoll is heavily wounded.
The gnoll misses you. The gnoll hits you with a whip.
You barely miss the gnoll.
The gnoll is heavily wounded.
The gnoll misses you. The gnoll hits you with a whip.
* * * LOW HITPOINT WARNING * * *
The gnoll completely misses you.
Unknown command.
The gnoll throws a throwing net.
The throwing net misses you.
The gnoll throws a tomahawk.
The tomahawk hits you but does no damage.
You see here a tomahawk.
The gnoll throws a tomahawk.
The tomahawk misses you.
You see here a tomahawk.
The gnoll throws a tomahawk.
The tomahawk closely misses you.
You see here a throwing net {=f, !d}.
You see here a tomahawk.
The adder barely misses you. The adder bites you.
* * * LOW HITPOINT WARNING * * *
The adder bites you.
You die...

#.#. #.......)# .
#..(.##..#...#.# #####
..#. #...........#####...#
....####.#...............#
#..............g.####.(.#
#.............g..# ##.####
.####.(%..........#
#...... .. #............##
#..#### ..##.##.#.@S....#
#.g.... ...#..........#
#....## ..##.#..#<#.....#
##.g#.## #. #......#.....#
#.[g..## . #.#.###########
#....... #.#รท###. .....#
#.#.#### #.............#
#.#..... #.#.#...####..#
#.######
#....gg..#..#..###(#


You could see 2 gnolls and an adder.

Vanquished Creatures
  2 dart slugs (D:2)
  A leopard gecko (D:2)
  An orc (D:2)
  3 bats (D:1)
  2 giant cockroaches (D:1)
  2 goblins (D:1)
  A hobgoblin (D:1)
  4 jackals
  A ball python (D:2)
  2 frilled lizards
  3 kobolds
  2 rats
24 creatures vanquished.

Notes
Turn   | Place    | Note
-------+----------+-------------------------------------------
     0 | D:1      | Mgcat the Vampire Transmuter began the quest for the Orb.
     0 | D:1      | Reached XP level 1. HP: 14/14 MP: 3/3
   181 | D:1      | Reached XP level 2. HP: 20/20 MP: 5/5
   606 | D:2      | Learned a level 2 spell: Sticks to Snakes
   701 | D:2      | Reached skill level 3 in Transmutations
   825 | D:2      | Reached skill level 4 in Unarmed Combat
   916 | D:2      | Reached XP level 3. HP: 17/25 MP: 6/6
  1035 | D:2      | Learned a level 3 spell: Spider Form
  1047 | D:2      | HP: 4/25 [gnoll/whip (4)]
  1075 | D:2      | HP: 2/25 [adder (3)]
  1077 | D:2      | Slain by an adder

Vault maps used:
D:1:      dpeg_arrival_tiny_h, hangedman_decor_points, serial_bayou_lagoon_b
D:2:      minmay_hexomino_p4

Skill      XL: |  1  2 |
---------------+-------+-----
Transmutations | 3 |  3.2
Unarmed Combat | 4 |  4.0
Fighting       | |  0.8
Dodging        | |  2.1
Spellcasting   | |  2.0

Action                   || total
-------------------------++-------
Melee: Short sword       ||    30
       Unarmed           ||    65
       Bite              ||     9
       Kick              ||     5
 Cast: Beastly Appendage ||     8
       Sticks to Snakes  ||     1
 Stab: Sleeping          ||     1
Armor: Robe              ||    28
Dodge: Dodged            ||    89

Table legend:
 A = Spawn XP
 B = Non-spawn XP
 C = Spawn XP percentage of total XP
 D = Spawn monster count
 E = Non-spawn monster count
 F = Spawn count percentage of total count
 G = Total turns spent on level
                    A         B        C        D         E        F      G
               +---------+---------+-------+---------+---------+-------+---------
         Total |       0 |      46 |   0.0 |       0 |      24 |   0.0 |  1077
               +---------+---------+-------+---------+---------+-------+---------
           D:1 |       0 |      22 |   0.0 |       0 |      13 |   0.0 |   632
           D:2 |       0 |      24 |   0.0 |       0 |      11 |   0.0 |   445
               +---------+---------+-------+---------+---------+-------+---------

Vault maps used:
D:1:      dpeg_arrival_tiny_h, hangedman_decor_points, serial_bayou_lagoon_b
D:2:      minmay_hexomino_p4

Table legend:
 A = Turns spent in this place as a percentage of turns spent in the entire game.
 B = Non-inter-level travel turns spent in this place as a percentage of non-inter-level travel turns spent in the entire game.
 C = Inter-level travel turns spent in this place as a percentage of turns spent in this place.
 D = Turns resting spent in this place as a percentage of non-inter-level travel turns spent in this place.
 E = Turns spent auto-exploring this place as a percentage of non-inter-level travel turns spent in this place.
 F = Non-inter-level travel turns spent in this place divided by the number of levels of this place that you've seen.
                   A       B       C       D       E      F
               +-------+-------+-------+-------+-------+----------------------
         Total | 100.0 | 100.0 |   5.5 |   0.0 |  74.1 | 509.0
       Dungeon | 100.0 | 100.0 |   5.5 |   0.0 |  74.1 | 509.0
               +-------+-------+-------+-------+-------+----------------------

Table legend:
 A = Kills in this place as a percentage of kills in entire the game.
 B = Kills by you in this place as a percentage of kills by you in the entire game.
 C = Kills by friends in this place as a percentage of kills by friends in the entire game.
 D = Other kills in this place as a percentage of other kills in the entire game.
 E = Experience gained in this place as a percentage of experience gained in the entire game.
 F = Experience gained in this place divided by the number of levels of this place that you have seen.
                   A       B       C       D       E      F
               +-------+-------+-------+-------+-------+----------------------
         Total | 100.0 | 100.0 |   N/A |   N/A | 100.0 |  23.0
       Dungeon | 100.0 | 100.0 |   N/A |   N/A | 100.0 |  23.0
               +-------+-------+-------+-------+-------+----------------------
